 Dungeon Crawl Stone Soup version 0.30-a0-1074-g5db6f66fbb (webtiles) character file.

Game seed: 8588937504083075414

561791 themarg the Worldbinder (level 26, -3/177 (191) HPs)
             Began as a Merfolk Summoner on Apr 11, 2023.
             Was a High Priest of Sif Muna.
             Killed from afar by a shadow dragon (51 damage)
             ... with a bolt of negative energy
             ... on level 1 of the Realm of Zot on Apr 13, 2023.
             The game lasted 06:30:51 (86815 turns).

themarg the Worldbinder (Merfolk Summoner)         Turns: 86815, Time: 06:30:51

HP:   -3/177 (191)  AC: 24    Str:  8    XL:     26   Next: 4%
MP:   0/45          EV: 19    Int: 33    God:    Sif Muna [*****.]
Gold: 8954          SH: 15    Dex: 21    Spells: 6/52 levels left

rFire   + . .      SeeInvis .    b - +3 Elemental Staff {rElec rF+ rC+ AC+3}
rCold   + + .      Faith    .    Q - +1 kite shield
rNeg    . . .      Spirit   +    D - +4 moon troll leather armour {Spirit, Regen++ MP+5}
rPois   +          Reflect  .    T - +2 hat {Will+}
rElec   +          Rampage  .    X - +1 cloak "Masm" {rPois rC+ Int+2}
rCorr   +                        L - +2 pair of gloves
Will    +++..                    C - +2 pair of boots {Stlth+}
Stlth   +++                      J - amulet of regeneration
HPRegen 2.89/turn                K - ring of Spite {rCorr Dex+5}
MPRegen 0.29/turn                t - ring of Lajagon {Will+ Int+6}

@: about to teleport, studying 2 skills, drained
A: (nimble swimmer 2), mertail
}: 4/15 runes: decaying, slimy, silver, gossamer
a: Renounce Religion, Channel Magic, Forget Spell, Divine Exegesis


You were on level 1 of the Realm of Zot.
You worshipped Sif Muna.
Sif Muna was extremely pleased with you.
You visited 10 branches of the dungeon, and saw 48 of its levels.
You also visited: Trove, Ossuary and Desolation.

You collected 11034 gold pieces.
You spent 2080 gold pieces at shops.

Inventory:

Hand Weapons
 a - a +9 demon trident of electrocution
 b - the +3 Elemental Staff (weapon) {rElec rF+ rC+ AC+3}
   (You acquired it on level 5 of the Lair of Beasts)

   It enhances your fire, ice, earth and air magic.
   AC:        It affects your AC (+3).
   rF:        It protects you from fire.
   rC:        It protects you from cold.
   rElec:     It insulates you from electricity.
Missiles
 h - 6 silver javelins
 n - 8 throwing nets (quivered)
 Z - 3 curare-tipped darts
Armour
 C - a +2 pair of boots of stealth (worn)
 D - the +4 moon troll leather armour (worn) {Spirit, Regen++ MP+5}
   (You took it off a vault warden on level 5 of the Vaults)

   MP:        It affects your magic capacity (+5).
   Regen:     It increases your rate of health regeneration.
 L - a +2 pair of gloves (worn)
 Q - a +1 kite shield (worn)
 T - a +2 hat of willpower (worn)
 X - the +1 cloak "Masm" (worn) {rPois rC+ Int+2}
   (You found it on level 10 of the Dungeon)

   Int:       It affects your intelligence (+2).
   rC:        It protects you from cold.
   rPois:     It protects you from poison.
Jewellery
 m - a ring of see invisible
 r - the ring "Sungeiz" {Fly rElec rC+ Dex+2}
   (You found it in a treasure trove)

   [ring of flight]

   Dex:       It affects your dexterity (+2).
   rC:        It protects you from cold.
   rElec:     It insulates you from electricity.
   Fly:       It grants you flight.
 t - the ring of Lajagon (right hand) {Will+ Int+6}
   (You found it in the Desolation of Salt)

   [ring of willpower]

   Int:       It affects your intelligence (+6).
   Will:      It increases your willpower.
 u - a ring of wizardry
 J - an amulet of regeneration (around neck)
 K - the ring of Spite (left hand) {rCorr Dex+5}
   (You found it on level 15 of the Dungeon)

   [ring of resist corrosion]

   Dex:       It affects your dexterity (+5).
   rCorr:     It protects you from acid and corrosion.
 M - the ring "Loeleihin" {rPois Will+ Stlth+}
   (You found it in the Desolation of Salt)

   [ring of poison resistance]

   rPois:     It protects you from poison.
   Will:      It increases your willpower.
   Stlth:     It makes you more stealthy.
Wands
 o - a wand of mindburst (53)
 B - a wand of charming (23)
 H - a wand of polymorph (13)
 I - a wand of digging (22)
 O - a wand of roots (4)
 R - a wand of acid (12)
Scrolls
 e - 11 scrolls of poison
 f - 15 scrolls of fear
 i - 6 scrolls of immolation
 l - 9 scrolls of fog
 q - a scroll of silence
 y - 22 scrolls of teleportation
 A - 3 scrolls of butterflies
 G - 3 scrolls of blinking
 N - 2 scrolls of magic mapping
 P - 13 scrolls of vulnerability
 Y - 5 scrolls of amnesia
Potions
 c - 12 potions of brilliance
 g - 15 potions of curing
 j - 9 potions of ambrosia
 p - 5 potions of haste
 s - 2 potions of heal wounds
 v - 13 potions of cancellation
 w - 9 potions of might
 x - 11 potions of attraction
 z - 3 potions of resistance
 F - 10 potions of flight
 S - 9 potions of mutation
 U - 5 potions of lignification
Miscellaneous
 d - a phial of floods
 k - a condenser vane
 E - a tin of tremorstones (2/2)
 V - a phantom mirror
 W - a box of beasts


   Skills:
 - Level 12.0 Fighting
 - Level 14.0 Polearms
 - Level 6.0 Throwing
 - Level 12.1 Armour
 - Level 12.0 Dodging
 - Level 3.0 Stealth
 - Level 14.0 Shields
 + Level 13.7 Spellcasting
 * Level 21.9 Summonings
 + Level 13.6 Necromancy
 - Level 12.0 Translocations
 - Level 4.1 Ice Magic
 - Level 6.0 Air Magic
 - Level 5.0 Earth Magic
 - Level 15.0 Invocations
 - Level 10.0 Evocations


You had 6 spell levels left.
You knew the following spells:

 Your Spells              Type           Power      Damage    Failure   Level
a - Blink                 Tloc           100%       N/A       1%          2
b - Monstrous Menagerie   Summ           53%        N/A       1%          7
c - Malign Gateway        Summ/Tloc      47%        N/A       3%          7
d - Haunt                 Necr/Summ      48%        N/A       2%          7
e - Borgnjor's Vile Clut  Necr/Erth      45%        N/A       2%          5
f - Summon Horrible Thin  Summ           53%        N/A       3%          8
g - Apportation           Tloc           100%       N/A       1%          1
h - Summon Hydra          Summ           53%        N/A       1%          7
i - Sublimation of Blood  Necr           85%        N/A       1%          2

Your spell library contained the following spells:

 Spells                   Type           Power      Damage    Failure   Level
 Summon Small Mammal      Summ           100%       N/A       0%          1
 Call Imp                 Summ           100%       N/A       0%          2
 Call Canine Familiar     Summ           100%       N/A       0%          3
 Freeze                   Ice            100%       1d10      1%          1
 Kiss of Death            Conj/Necr      100%       2d13      1%          1
 Necrotise                Necr           100%       1d9       1%          1
 Sandblast                Erth           100%       2d20      1%          1
 Shock                    Conj/Air       100%       1d9       1%          1
 Cigotuvi's Dreadful Rot  Necr/Pois/Air  100%       N/A       1%          2
 Lesser Beckoning         Tloc           100%       N/A       1%          2
 Momentum Strike          Conj/Tloc      100%       3d10      1%          2
 Poisonous Vapours        Pois/Air       100%       N/A       1%          2
 Static Discharge         Conj/Air       100%       2-7/arc   1%          2
 Gell's Gravitas          Tloc           80%        N/A       1%          3
 Portal Projectile        Hex/Tloc       100%       N/A       1%          3
 Summon Guardian Golem    Hex/Summ       76%        N/A       1%          3
 Swiftness                Air            76%        N/A       1%          3
 Teleport Other           Tloc           80%        N/A       1%          3
 Vampiric Draining        Necr           85%        2d12      1%          3
 Vhi's Electric Charge    Tloc/Air       100%       N/A       1%          3
 Animate Armour           Summ/Erth      100%       N/A       1%          4
 Animate Dead             Necr           85%        N/A       1%          4
 Dispel Undead            Necr           85%        3d27      1%          4
 Manifold Assault         Tloc           80%        N/A       1%          4
 Passage of Golubria      Tloc           80%        N/A       1%          4
 Summon Ice Beast         Ice/Summ       100%       N/A       1%          4
 Summon Lightning Spire   Summ/Air       100%       N/A       1%          4
 Agony                    Necr           85%        N/A       1%          5
 Summon Forest            Summ/Tloc      47%        N/A       1%          5
 Summon Mana Viper        Hex/Summ       76%        N/A       1%          5
 Summon Cactus Giant      Summ           53%        N/A       1%          6
 Passwall                 Tmut/Erth      46%        N/A       2%          2
 Frozen Ramparts          Ice            100%       1d16      2%          3
 Ozocubu's Armour         Ice            66%        N/A       2%          3
 Anguish                  Hex/Necr       30%        N/A       2%          4
 Death Channel            Necr           42%        N/A       2%          6
 Ensorcelled Hibernation  Hex/Ice        100%       N/A       3%          2
 Magic Dart               Conj           88%        1d7       4%          1
 Slow                     Hex            88%        N/A       4%          1
 Sting                    Tmut/Pois      88%        1d7       4%          1
 Stone Arrow              Conj/Erth      100%       3d13      4%          3
 Airstrike                Air            38%        2d(6-22)  4%          4
 Iskenderun's Mystic Bla  Conj/Tloc      58%        2d12      4%          4
 Dispersal                Tloc           40%        N/A       5%          6
 Hailstorm                Conj/Ice       53%        3d12      6%          3
 Mephitic Cloud           Conj/Pois/Air  52%        N/A       6%          3
 Scorch                   Fire           68%        2d7       7%          2
 Searing Ray              Conj           44%        2d6       7%          2
 Wereblood                Tmut           22%        N/A       7%          2
 Confusing Touch          Hex            22%        N/A       14%         3
 Dazzling Flash           Conj/Hex       44%        N/A       14%         3
 Ignite Poison            Fire/Tmut/Pois 34%        N/A       14%         3
 Inner Flame              Hex/Fire       34%        N/A       14%         3
 Spider Form              Tmut/Pois      22%        N/A       14%         3
 Tukima's Dance           Hex            22%        N/A       14%         3
 Leda's Liquefaction      Hex/Erth       28%        N/A       17%         4
 Petrify                  Tmut/Erth      56%        N/A       17%         4
 Lee's Rapid Deconstruct  Erth           35%        3d18*     17%         5
 Simulacrum               Ice/Necr       44%        N/A       19%         6
 Ice Form                 Ice/Tmut       53%        N/A       21%         4
 Freezing Cloud           Conj/Ice/Air   39%        6-21      32%         5
 Arcjolt                  Conj/Air       29%        1d39      36%         5
 Silence                  Hex/Air        29%        N/A       36%         5
 Cause Fear               Hex            11%        N/A       43%         4
 Flame Wave               Conj/Fire      34%        2d10      43%         4
 Fulminant Prism          Conj/Hex       11%        3d8       43%         4
 Sticky Flame             Conj/Fire      34%        2d5       43%         4
 Metabolic Englaciation   Hex/Ice        26%        N/A       50%         5
 Blade Hands              Tmut           11%        N/A       78%         5
 Fireball                 Conj/Fire      17%        3d9       78%         5
 Iskenderun's Battlesphe  Conj           22%        2d8       78%         5
 Yara's Violent Unravell  Hex/Tmut       11%        3d6       78%         5
 Conjure Ball Lightning   Conj/Air       29%        3x3d8     91%         6
 Plasma Beam              Fire/Air       38%        2x1d57    91%         6
 Iron Shot                Conj/Erth      28%        9d6       95%         6
 Statue Form              Tmut/Erth      37%        N/A       95%         6
 Eringya's Noxious Bog    Tmut/Pois      11%        N/A       100%        6
 Starburst                Conj/Fire      17%        6d6       100%        6
 Spellforged Servitor     Conj/Summ      38%        N/A       41%         7
 Dragon's Call            Summ           53%        N/A       50%         9
 Borgnjor's Revivificati  Necr           42%        N/A       75%         8
 Infestation              Necr           42%        N/A       75%         8
 Disjunction              Tloc           40%        N/A       92%         8
 Dragon Form              Tmut           11%        N/A       100%        7
 Enfeeble                 Hex            11%        N/A       100%        7
 Orb of Destruction       Conj           11%        9d6       100%        7
 Ozocubu's Refrigeration  Ice            33%        4d14      100%        7
 Storm Form               Tmut/Air       29%        N/A       100%        7
 Ignition                 Fire           17%        3d7       100%        8
 Lehudib's Crystal Spear  Conj/Erth      28%        10d7      100%        8
 Maxwell's Capacitive Co  Air            38%        ∞         100%        8
 Necromutation            Tmut/Necr      30%        N/A       100%        8
 Chain Lightning          Conj/Air       29%        3d39      100%        9
 Death's Door             Necr           42%        N/A       100%        9
 Fire Storm               Conj/Fire      17%        8d4       100%        9
 Polar Vortex             Ice            33%        N/A       100%        9


Dungeon Overview and Level Annotations

Branches:
Dungeon (15/15)            Temple (0/1) D:7            Lair (5/5) D:11
  Swamp (4/4) Lair:2       Spider (4/4) Lair:2        Slime (5/5) Lair:5
    Orc (2/2) D:12            Elf (3/3) Orc:2        Vaults (5/5) D:14
  Crypt (0/3) Vaults:3     Depths (4/4) D:15            Zot (1/5) Depths:4
Ossuary (visited)         Desolation (visited)

Altars:
Cheibriados
Hepliaklqana
Makhleb
Qazlal
Sif Muna
Trog
The Shining One
Jiyva
Lugonu

Shops:
D:1 =   D:5 (   D:12 ?   D:13 ?   Orc:2 (([[   Elf:2 ?   Vaults:2 ?
Depths:3 ((

Portals:
Hell: Depths:1 Depths:2 Depths:3 Depths:4
Abyss: Lair:5 Depths:3
Pandemonium: Depths:2
Ziggurat: Depths:1

Annotations:
D:14 exclusion: 2 ice statues
Elf:2 3 runed translucent doors
Elf:3 1 exclusion
Depths:2 1 runed translucent door, exclusion: door
Depths:4 6 runed translucent doors


Innate Abilities, Weirdness & Mutations

((You are very nimble when in or above water. (Stealth+, EV+, Speed+++)))
Your lower body shifts to a powerful aquatic tail in water.


Message History

Your wraith drains the red draconian's vigour!
The red draconian seems to slow down.
The white draconian misses you. Something closely misses your wraith.
Something hits your wraith but does no damage.
The shadow dragon completely misses your lindwurm.
The shadow dragon claws your lindwurm. The shadow dragon claws your lindwurm!
Your wraith hits the red draconian.
Your lindwurm breathes flames at the shadow dragon.
The blast of flame hits the shadow dragon!
As you read the scroll of teleportation, it crumbles to dust.
You feel strangely unstable.
You feel the Orb delaying your translocation!
The zombie hands constrict the tentacled monstrosity!
You kill the tentacled monstrosity!
Sif Muna accepts your kill.
The zombie hands constrict the white draconian!
The zombie hands constrict the red draconian.
The quicksilver dragon closely misses you.
The quicksilver dragon claws you!
The orb of fire emits a lurid red light.
The bolt of fire hits you!! You resist.
You block the quicksilver dragon's attack.
The quicksilver dragon claws you.
The white draconian hits you with a +4 war axe!!
* * * LOW HITPOINT WARNING * * *
The red draconian completely misses your wraith.
The red draconian hits your wraith with a +0 war axe!
The red draconian hits your large abomination but does no damage.
The purple draconian shifter mumbles some strange words.
The purple draconian shifter blinks!
Your wraith hits the moth of wrath!
Your lindwurm bites the shadow dragon but does no damage.
Your lindwurm claws the shadow dragon.
Your lindwurm claws the shadow dragon but does no damage.
The orb of fire glows red.
The bolt of fire misses you.
You block the quicksilver dragon's attack. x2
The shadow dragon breathes negative energy at you.
The bolt of negative energy misses your lindwurm.
The bolt of negative energy hits you!!!
You feel drained.
You die...

.!..# #...#
... #...#
>.⌠ #...
.... #...
....#
#..##.*!#
#.D#....#
#§k..⌠/#
#.@#...#
#Dd##+##
#Dd.# #X.X#
......yd..#
..?.dWWWq.#
....y...q.#
.....#..§.#
.....#....#


You could see an orb of fire, a shadow dragon (catching breath, ally target), a
storm dragon (berserk, ally target), 2 draconians, a white draconian (berserk,
clutched), a purple draconian shifter, a quicksilver dragon (berserk, ally
target), a yellow draconian annihilator, a moth of wrath (slow), a friendly
lindwurm (summoned, catching breath), 2 friendly large abominations and 3
friendly wraiths.

Vanquished Creatures
  the Royal Jelly (Slime:5)
  Dissolution (Slime:2)
  2 bone dragons (Depths:4)
  Jorgrun (Orc:2)
  2 tentacled monstrosities
  Zenata (Vaults:2)
  A lich (Vaults:5)
  A titan (Vaults:5)
  An ancient champion (Vaults:3)
  5 acid blobs
  2 storm dragons
  A tengu reaver (Vaults:5)
  A shadow dragon (Vaults:5)
  6 azure jellies (Slime:5)
  A rockslime (Slime:5)
  4 frost giants
  7 vault wardens
  4 fire giants
  2 deep elf sorcerers (Elf:3)
  Aizul (Swamp:2)
  Louise (Spider:3)
  A draconian scorcher (Depths:4)
  An emperor scorpion (Spider:2)
  A deep elf elementalist (Elf:3)
  6 ironbound preservers
  5 quicksilver oozes (Slime:5)
  A draconian annihilator (Depths:4)
  3 ironbound thunderhulks
  2 green draconians (Depths:4)
  A black draconian (Depths:4)
  An eleionoma (Swamp:2)
  A red draconian (Depths:4)
  2 deep elf demonologists (Elf:3)
  A bunyip (Swamp:1)
  A halazid warlock (Desolation)
  2 yellow draconians
  2 spark wasps
  3 ettins
  2 deep elf death magi
  5 yaktaur captains
  3 great orbs of eyes
  2 deep elf high priests (Elf:3)
  2 fire dragons
  2 rakshasas
  2 entropy weavers (Vaults:5)
  Harold (D:9)
  7 hydras
  2 ragged hierophants (Desolation)
  A jorogumo (Spider:1)
  7 vault guards
  A peacekeeper (Desolation)
  A boulder beetle (D:13)
  3 two-headed ogres
  6 centaur warriors
  A dancing weapon (Elf:2)
  3 ironbound frosthearts
  2 death yaks
  3 deep troll earth magi
  A vampire mage (Vaults:3)
  A death scarab (Spider:4)
  A thrashing horror (Lair:5)
  2 deep troll shamans
  The ghost of LobsterGuardian the Thaumaturge, a novice DsNe (D:10)
  A hell knight (Depths:4)
  An orc high priest (Orc:2)
  4 deep elf knights (Elf:3)
  2 iron trolls
  A skyshark (Lair:4)
  3 skeletal warriors
  A goliath frog (Swamp:4)
  15 deep trolls
  2 glowing orange brains
  A swamp dragon (Swamp:4)
  3 deep elf archers
  7 deep elf zephyrmancers
  A steelbarb worm (Spider:2)
  6 deep elf pyromancers
  A wizard (Vaults:1)
  4 ironbound convokers
  A human zombie (Vaults:1)
  2 necromancers (Vaults:1)
  2 will-o-the-wisps
  8 ugly things
  A cyclops (D:14)
  5 wolf spiders
  An orc sorcerer (Orc:2)
  A manticore (D:12)
  A manticore (shapeshifter) (Vaults:5)
  2 moths of wrath
  5 elephants
  2 guardian serpents (shapeshifter)
  2 demonic crawlers
  A black mamba (Lair:3)
  A molten gargoyle (Desolation)
  A torpor snail (Spider:3)
  2 centaur zombies
  3 vault sentinels
  A komodo dragon (shapeshifter) (D:13)
  6 yaktaurs
  A cane toad (Lair:4)
  3 komodo dragons
  A freezing wraith (D:14)
  An efreet (D:13)
  A tyrant leech (Swamp:1)
  2 trolls (Orc:2)
  2 polar bears
  A tarantella zombie (Spider:4)
  12 saltlings (Desolation)
  A wolf spider simulacrum (D:15)
  6 tarantellas
  5 blink frogs
  2 hornets
  8 dream sheep (Lair:5)
  2 air elementals (Elf:2)
  14 jumping spiders
  3 spriggans
  A ynoxinul (Lair:5)
  18 slime creatures
  2 water elementals
  A wraith (D:14)
  5 culicivoras
  4 yaks
  A shadow (D:13)
  4 wyverns
  3 chaos spawn (Lair:5)
  A fire elemental (Depths:1)
  2 basilisks
  18 redbacks
  3 vampire mosquitoes
  4 swamp worms
  2 water moccasins
  A large abomination (Lair:5)
  8 nameless horrors
  6 orc warriors
  An ice beast (D:8)
  An ettin simulacrum (Vaults:1)
  A small abomination (Lair:5)
  7 ogres
  4 wolves
  5 centaurs
  An elf zombie (D:8)
  3 bullfrogs
  A scorpion (D:5)
  A wight (D:7)
  6 killer bees
  11 electric eels
  A howler monkey (D:8)
  2 hounds
  A jelly (D:7)
  2 orc priests (Orc:2)
  An iguana (D:4)
  6 orc wizards
  A human skeleton (D:8)
  A gnoll (D:9)
  An ufetubus (D:4)
  15 orcs
  A bat (D:2)
  2 goblins (D:1)
  2 hobgoblins
  3 jackals (D:1)
  4 kobolds
  A quokka (D:1)
  A ball python (D:1)
  2 rats
  2 pillars of salt (Elf:1)
483 creatures vanquished.

Vanquished Creatures (collateral kills)
  Mara (Vaults:3)
  Bai Suzhen (Swamp:4)
  3 golden dragons
  A bone dragon (Depths:4)
  the Enchantress (Depths:2)
  Arachne (Spider:3)
  The ghost of Wuor the Devastator, an adept DgCj (Elf:2)
  4 tentacled monstrosities
  The ghost of Rinoumap the Peltast, an adept TrCK of Ru (Vaults:2)
  6 titans
  The ghost of Likado the Severer, an adept AtBe of Trog (Spider:4)
  2 deep elf master archers (Elf:3)
  The ghost of Ucos Goda the Severer, an adept HOFi of Makhleb (Swamp:2)
  4 quicksilver dragons
  10 acid blobs
  7 sphinxes
  A deep elf blademaster (Elf:3)
  The ghost of Feshunla the Bewitcher, an adept KoEn of Dithmenos (Vaults:1)
  4 tengu reavers
  The ghost of Varun the Bludgeoner, an adept AtWr of Ashenzari (Swamp:2)
  The ghost of Lusaduv the Executioner, an adept MiBe of Trog (Swamp:2)
  Kirke (D:13)
  A thorn hunter (Swamp:4)
  4 shadow dragons
  5 azure jellies
  8 rockslimes
  The ghost of Voejil the Executioner, a journeyman MiFi of Okawaru (Swamp:2)
  11 fire giants
  4 storm dragons
  4 emperor scorpions
  6 deep elf sorcerers
  6 frost giants
  A balrug (Depths:2)
  10 vault wardens
  5 ghost moths
  An imperial myrmidon (Desolation)
  3 spriggan defenders (Depths:2)
  An orc warlord (Vaults:2)
  A draconian shifter (Depths:4)
  7 deep elf elementalists
  The ghost of sirJeffrey23 the Warrior, a journeyman AtFi of the Shining One (D:14)
  A broodmother (Spider:3)
  3 quicksilver oozes
  14 ironbound preservers
  8 stone giants
  19 very ugly things
  3 war gargoyles
  4 ironbound thunderhulks
  A vampire knight (Depths:4)
  A green draconian (Depths:4)
  A yellow draconian (Depths:4)
  3 deep elf demonologists (Elf:3)
  2 white draconians (Depths:4)
  2 black draconians (Depths:4)
  8 deep elf annihilators
  5 bunyips
  3 red draconians (Depths:4)
  4 eleionomae
  5 purple draconians (Depths:4)
  6 dire elephants
  11 spark wasps
  2 crystal guardians (Desolation)
  The ghost of billz999 the Skirmisher, a journeyman OpEE of Gozag (D:12)
  The ghost of greynaab the Marksant, a journeyman FoHu of Gozag (Lair:2)
  7 ettins
  A deep elf death mage (Elf:3)
  An eidolon (Vaults:3)
  Snorg (D:12)
  2 merfolk javelineers
  A ragged hierophant (Desolation)
  5 fire dragons
  An entropy weaver (shapeshifter) (Vaults:5)
  13 yaktaur captains
  11 great orbs of eyes
  A shambling mangrove (Swamp:4)
  25 vault guards
  2 deep elf high priests (Elf:3)
  6 entropy weavers
  2 ghost crabs
  5 servants of whispers (Desolation)
  13 peacekeepers
  4 ice dragons
  A rakshasa (Depths:3)
  6 jorogumos
  2 spriggan air magi (Depths:2)
  A quicksilver dragon skeleton (Vaults:4)
  20 hydras
  10 ironbound frosthearts
  3 centaur warriors
  2 catoblepae
  6 boulder beetles
  7 radroaches
  A catoblepas (shapeshifter) (Vaults:5)
  A death knight (D:14)
  14 dancing weapons
  An ogre mage (Vaults:5)
  6 alligators
  6 death yaks
  5 two-headed ogres
  2 tengu warriors (D:13)
  3 deep troll earth magi
  6 deep troll shamans
  2 spriggan berserkers
  5 death scarabs (Spider:4)
  2 sun demons (Depths:2)
  2 thrashing horrors (Lair:5)
  11 deep elf knights
  5 pharaoh ants
  4 iron trolls
  2 soul eaters
  7 skeletal warriors
  A sun moth (Spider:3)
  7 goliath frogs
  13 orb spiders
  29 deep trolls
  2 spriggan druids
  Lodul (D:10)
  7 wizards
  A flayed ghost (Depths:4)
  3 necromancers
  4 steelbarb worms
  13 swamp dragons
  2 bog bodies
  2 phantasmal warriors (Vaults:5)
  2 harpies
  16 ironbound convokers
  A shadow dragon zombie (Vaults:1)
  11 deep elf archers
  5 orc knights
  4 lindwurms
  5 spectral wolf spiders (Spider:4)
  20 deep elf pyromancers
  5 orc sorcerers
  32 ugly things
  A wolf spider (shapeshifter) (Vaults:3)
  Pikel (D:4)
  A salamander (Depths:1)
  25 deep elf zephyrmancers
  3 manticores
  18 wolf spiders
  A stone giant skeleton (Vaults:4)
  4 will-o-the-wisps
  2 cyclopes
  6 centaur zombies
  A wolf spider zombie (D:14)
  9 vault sentinels
  7 elephants
  3 torpor snails
  Maurice (Orc:1)
  4 moths of wrath
  A guardian serpent (shapeshifter) (Elf:2)
  2 black mambas (Lair:2)
  2 guardian serpents (Desolation)
  4 molten gargoyles (Desolation)
  3 demonic crawlers
  A hellion (Depths:2)
  An eye of devastation (Slime:5)
  A smoke demon (Lair:5)
  9 cane toads
  2 spectral redbacks (Spider:4)
  A yaktaur zombie (Vaults:1)
  2 rime drakes
  2 gargoyles (Desolation)
  A human zombie (Vaults:1)
  14 yaktaurs
  An efreet (D:14)
  An unseen horror (D:10)
  3 redback zombies (Spider:4)
  6 komodo dragons
  7 kobold demonologists
  2 ancient zymes (Lair:5)
  4 freezing wraiths
  A tengu conjurer (D:14)
  A yaktaur skeleton (Vaults:1)
  3 trolls
  A troll (shapeshifter) (D:15)
  A red devil (Depths:2)
  13 hornets
  A polar bear (Lair:2)
  19 tarantellas
  8 tyrant leeches
  A shadow dragon simulacrum (Vaults:1)
  45 saltlings (Desolation)
  3 spectral jumping spiders (Spider:4)
  A hornet (shapeshifter) (Vaults:5)
  A jumping spider zombie (Spider:4)
  25 blink frogs
  A meliai zombie (D:14)
  6 dream sheep (Lair:5)
  A tarantella zombie (Spider:4)
  21 jumping spiders
  84 slime creatures
  6 air elementals
  A centaur simulacrum (D:15)
  An elf zombie (Vaults:4)
  A slime creature (shapeshifter) (Slime:1)
  14 spriggans
  10 culicivoras
  4 wraiths
  A vampire (D:14)
  A spriggan (shapeshifter) (Depths:2)
  30 yaks
  2 shadows
  A ynoxinul (Lair:5)
  6 water elementals
  4 basilisks
  Eustachio (D:4)
  4 fire elementals
  4 hogs (D:13)
  A neqoxec (Depths:2)
  41 redbacks
  2 chaos spawn
  8 vampire mosquitoes
  3 wargs
  17 swamp worms
  8 water moccasins
  2 acid dragons
  A water moccasin (shapeshifter) (Vaults:5)
  9 swamp drakes
  16 nameless horrors
  2 black bears
  10 orc warriors
  A sky beast (D:8)
  An elf simulacrum (Vaults:4)
  A boggart (Vaults:4)
  9 ogres
  10 small abominations (Lair:5)
  15 wolves
  3 lemures (D:4)
  A phantom (D:5)
  13 centaurs
  A gnoll sergeant (D:9)
  10 kobold brigands
  6 bullfrogs
  An elf skeleton (D:8)
  An earth elemental (Elf:1)
  3 scorpions
  11 wights
  3 killer bees
  2 human simulacra (Vaults:4)
  3 electric eels
  4 howler monkeys
  2 gnoll boudas (D:8)
  17 orc priests
  3 iguanas
  2 human skeletons
  25 orc wizards
  2 hell rats (D:11)
  3 mummies (Ossuary)
  8 gnolls
  8 adders
  A river rat (D:11)
  2 shadow imps
  A white imp (D:7)
  An ufetubus (D:4)
  3 adder zombies (Ossuary)
  A worm (shapeshifter) (Elf:2)
  A worm (D:2)
  3 dart slugs
  61 orcs
  3 endoplasms
  A giant cockroach (D:2)
  3 goblins
  7 hobgoblins
  4 jackals (D:3)
  8 kobolds
  4 quokkas
  4 ball pythons
  5 bats
  2 frilled lizards
  2 goblin zombies (Ossuary)
  2 hobgoblin zombies (Ossuary)
  6 kobold zombies (Ossuary)
  2 orc zombies (D:8)
  2 quokka zombies (Ossuary)
  2 rats (D:1)
  3 rat zombies (Ossuary)
  4 bushes
  A butterfly (Lair:4)
  4 pillars of salt (Elf:1)
1589 creatures vanquished.

Vanquished Creatures (others)
  19 eldritch tentacles
  A fire giant (Depths:1)
  A draconian stormcaller (Depths:4)
  An ironbound thunderhulk (Vaults:2)
  A peacekeeper (Vaults:4)
  An ogre mage (Vaults:5)
  A deep elf knight (Elf:2)
  2 deep elf archers (Elf:2)
  3 deep elf pyromancers
  2 deep elf zephyrmancers
  A moth of wrath (Zot:1)
  A yaktaur (Vaults:5)
  2 bloated husks (Swamp:3)
  A water elemental (Elf:2)
  A fire elemental (Elf:2)
  2 orcs (Orc:1)
  7 ball lightnings (Elf:2)
  17 foxfires
  51 fungi
  106 plants
  19 snaplasher vines
  A withered plant (D:14)
241 creatures vanquished.

Grand Total: 2313 creatures vanquished

Notes
Turn   | Place    | Note
-------+----------+-------------------------------------------
     0 | D:1      | themarg the Merfolk Summoner began the quest for the Orb.
     0 | D:1      | Reached XP level 1. HP: 13/13 MP: 3/3
   216 | D:1      | Found Kyapn's Jewellery Shoppe.
   476 | D:1      | Reached XP level 2. HP: 19/19 MP: 0/5
   735 | D:1      | Learned a level 2 spell: Call Imp
  1699 | D:2      | Reached XP level 3. HP: 12/24 MP: 1/6
  2136 | D:2      | Reached skill level 5 in Summonings
  2221 | D:2      | Reached XP level 4. HP: 30/30 MP: 2/7
  2782 | D:2      | Found a shimmering blue altar of Sif Muna.
  2796 | D:2      | Became a worshipper of Sif Muna the Loreminder
  2855 | D:3      | Learned a level 3 spell: Call Canine Familiar
  3150 | D:3      | Found a faded altar of an unknown god.
  4141 | D:4      | Noticed an ogre
  4150 | D:4      | Killed an ogre
  4151 | D:4      | Reached skill level 6 in Summonings
  4151 | D:4      | Reached XP level 5. HP: 35/35 MP: 2/8
  4201 | D:4      | Found a burning altar of Makhleb.
  4478 | D:4      | Found a glowing golden altar of the Shining One.
  4585 | D:4      | Reached XP level 6. HP: 41/41 MP: 0/9
  4667 | D:4      | Found a bloodstained altar of Trog.
  4684 | D:4      | Noticed Pikel
  5003 | D:4      | Noticed Eustachio
  5051 | D:4      | Killed Eustachio
  5052 | D:4      | Reached skill level 7 in Summonings
  5402 | D:4      | Found a snail-covered altar of Cheibriados.
  5854 | D:5      | Entered Level 5 of the Dungeon
  5868 | D:5      | Reached skill level 8 in Summonings
  5868 | D:5      | Reached XP level 7. HP: 43/46 MP: 3/10
  5997 | D:5      | Found Dihump's Antique Weapon Emporium.
  6362 | D:5      | Reached skill level 9 in Summonings
  6603 | D:5      | Upgraded the game from 0.30-a0-1053-gbd8d5ba0ad to
                  | 0.30-a0-1066-g63dfefce0d
  6650 | D:6      | Reached * piety under Sif Muna
  6718 | D:6      | Reached XP level 8. HP: 45/52 MP: 7/11
  6997 | D:6      | Reached skill level 1 in Air Magic
  7075 | D:6      | Reached skill level 10 in Summonings
  7382 | D:6      | Learned a level 4 spell: Summon Lightning Spire
  7935 | D:7      | Reached skill level 1 in Fighting
  8168 | D:7      | Found a staircase to the Ecumenical Temple.
  8558 | D:7      | Noticed a nameless horror
  8641 | D:7      | Noticed a hornet
  8679 | D:7      | Reached XP level 9. HP: 58/60 MP: 5/13
  8856 | D:7      | Found a stormy altar of Qazlal.
  9035 | D:7      | Killed a hornet
  9131 | D:7      | Found a staircase to the Ecumenical Temple.
  9737 | D:7      | Found a stormy altar of Qazlal.
 10143 | D:8      | Reached skill level 5 in Dodging
 10149 | D:8      | Found a sand-covered staircase.
 10173 | Ossuary  | Entered an ossuary
 10175 | Ossuary  | Reached ** piety under Sif Muna
 10578 | D:8      | Reached skill level 5 in Air Magic
 10676 | D:8      | Reached skill level 5 in Spellcasting
 10880 | D:8      | Reached skill level 5 in Fighting
 10891 | D:8      | Reached skill level 1 in Invocations
 11060 | D:8      | Reached XP level 10. HP: 74/74 MP: 12/17
 11340 | D:9      | Reached *** piety under Sif Muna
 11464 | D:9      | Reached skill level 1 in Translocations
 11987 | D:9      | Found a hazy altar of Hepliaklqana.
 12192 | D:9      | Noticed Harold
 12214 | D:9      | Killed Harold
 12215 | D:9      | Reached skill level 5 in Invocations
 12918 | D:4      | Found a burning altar of Makhleb.
 13159 | D:4      | Found a glowing golden altar of the Shining One.
 13308 | D:4      | Found a snail-covered altar of Cheibriados.
 13317 | D:4      | Found a bloodstained altar of Trog.
 13500 | D:4      | Killed Pikel
 13656 | D:10     | Entered Level 10 of the Dungeon
 13659 | D:10     | Found a transporter.
 13671 | D:10     | Noticed LobsterGuardian's ghost (novice DsNe)
 13671 | D:10     | Noticed a moth of wrath
 13673 | D:10     | Noticed a catoblepas
 13759 | D:10     | Noticed Lodul
 13779 | D:10     | Reached skill level 5 in Shields
 13864 | D:10     | Learned a level 2 spell: Blink
 13900 | D:10     | Killed Lodul
 13918 | D:10     | Reached skill level 1 in Polearms
 13983 | D:10     | Reached XP level 11. HP: 79/79 MP: 8/18
 14059 | D:10     | Found a transporter.
 14422 | D:10     | Reached skill level 5 in Polearms
 14993 | D:11     | Noticed a death yak
 15003 | D:11     | Killed a death yak
 15046 | D:11     | Noticed a death yak
 15049 | D:11     | Noticed a death yak
 15056 | D:11     | Killed a death yak
 15074 | D:11     | Killed a death yak
 15074 | D:11     | Reached **** piety under Sif Muna
 15099 | D:11     | Found a staircase to the Lair.
 15172 | D:11     | You fall into a shaft and drop 1 floor!
 15255 | D:12     | Found a runed translucent gate.
 15256 | D:12     | Found a runed translucent gate.
 15256 | D:12     | Noticed billz999's ghost (journeyman OpEE)
 15257 | D:12     | Found a runed translucent gate.
 15404 | D:11     | Noticed a white ugly thing
 15421 | D:11     | Killed a white ugly thing
 15810 | D:11     | Noticed a two-headed ogre
 15826 | D:11     | Killed a two-headed ogre
 15827 | D:11     | Reached skill level 1 in Throwing
 15925 | D:11     | Noticed a cyclops
 15944 | D:11     | Killed a cyclops
 16129 | Lair:1   | Entered Level 1 of the Lair of Beasts
 16320 | Lair:1   | Reached skill level 1 in Armour
 16320 | Lair:1   | Reached XP level 12. HP: 91/91 MP: 17/22
 17342 | Lair:2   | Noticed a seven-headed hydra
 17350 | Lair:2   | Killed a seven-headed hydra
 17534 | Lair:2   | Found a hole to the Spider Nest.
 17556 | Lair:2   | Reached ***** piety under Sif Muna
 17764 | Lair:2   | Noticed a four-headed hydra
 17855 | Lair:2   | Received a gift from Sif Muna
 18074 | Lair:2   | Reached skill level 10 in Invocations
 18094 | Lair:2   | Found a runed translucent door.
 18095 | Lair:2   | Noticed greynaab's ghost (journeyman FoHu)
 18106 | Lair:2   | Killed a four-headed hydra
 18178 | Lair:2   | Learned a level 5 spell: Summon Forest
 18766 | Lair:2   | Reached skill level 5 in Armour
 18889 | Lair:2   | Reached XP level 13. HP: 92/96 MP: 13/23
 19151 | Lair:2   | Found a staircase to the Swamp.
 19170 | Lair:2   | Reached skill level 5 in Translocations
 19559 | Lair:3   | Reached skill level 1 in Evocations
 21284 | Lair:4   | Reached skill level 10 in Polearms
 21287 | Lair:4   | Reached skill level 11 in Summonings
 21712 | Lair:4   | Received a gift from Sif Muna
 21744 | Lair:4   | Got Sif Muna's Excursus on Destruction {god gift}
 22077 | Lair:5   | Entered Level 5 of the Lair of Beasts
 22137 | Lair:5   | Reached skill level 12 in Summonings
 22662 | Lair:5   | Reached XP level 14. HP: 100/103 MP: 17/24
 22757 | Lair:5   | Reached skill level 13 in Summonings
 22917 | Lair:5   | Identified 3 scrolls of acquirement
 22917 | Lair:5   | Acquired the Anthology of Quantum Fumes
 22921 | Lair:5   | Acquired a +3 demon trident of electrocution
 22929 | Lair:5   | Acquired the +3 Elemental Staff {rElec rF+ rC+ AC+3}
 22929 | Lair:5   | Found the +3 Elemental Staff {rElec rF+ rC+ AC+3}
 23108 | Lair:5   | Found a staircase to the Slime Pits.
 23429 | Lair:5   | Received a gift from Sif Muna
 23430 | Lair:5   | Got Sif Muna's Grimoire of the Morgue and Companions {god
                  | gift}
 24250 | Lair:5   | Reached skill level 10 in Dodging
 24284 | Lair:5   | Found a corrupted altar of Lugonu.
 24284 | Lair:5   | Found a one-way gate to the infinite horrors of the Abyss.
 24330 | Lair:5   | Learned a level 6 spell: Summon Cactus Giant
 24496 | D:12     | Found a staircase to the Orcish Mines.
 24604 | D:12     | Found The Oracle's Delphic Readings.
 24617 | D:12     | Bought 3 scrolls of identify for 84 gold pieces
 24620 | D:12     | Bought a scroll of enchant weapon for 105 gold pieces
 24620 | D:12     | Bought a scroll of torment for 133 gold pieces
 24620 | D:12     | Bought a scroll of silence for 133 gold pieces
 24876 | D:12     | Noticed Snorg
 24883 | D:12     | Killed Snorg
 24884 | D:12     | Reached skill level 10 in Fighting
 25633 | D:12     | Learned a level 1 spell: Apportation
 25644 | Orc:1    | Entered Level 1 of the Orcish Mines
 26122 | Orc:1    | Noticed Maurice
 26138 | Orc:1    | Reached skill level 14 in Summonings
 26159 | Orc:1    | Killed Maurice
 26343 | Orc:2    | Entered Level 2 of the Orcish Mines
 26349 | Orc:2    | Received a gift from Sif Muna
 26350 | Orc:2    | Got Sif Muna's Annotations on Chilling Fumes {god gift}
 26554 | Orc:2    | Noticed Jorgrun
 26567 | Orc:2    | Killed Jorgrun
 26757 | Orc:2    | Reached XP level 15. HP: 115/115 MP: 15/25
 27087 | Orc:2    | Found a staircase to the Elven Halls.
 27325 | Orc:2    | Reached skill level 15 in Summonings
 27355 | Orc:2    | Found Weixtem's Antique Weapon Shoppe.
 27355 | Orc:2    | Found Ryeg's Antique Armour Emporium.
 27355 | Orc:2    | Found Zesche's Antique Weapon Shoppe.
 27358 | Orc:2    | Found Biegenun's Armour Emporium.
 27988 | D:1      | Bought the ring "Bumi" {rPois rN+ rCorr Str-4 Stlth+} for
                  | 343 gold pieces
 28680 | D:13     | Identified the +5 morningstar of Darkness {flame, rPois
                  | rC+}
 29063 | D:13     | Found Aczuipi's Magic Scroll Boutique.
 29071 | D:13     | Bought a scroll of noise for 14 gold pieces
 29071 | D:13     | Bought a scroll of enchant armour for 105 gold pieces
 29071 | D:13     | Bought a scroll of identify for 28 gold pieces
 29071 | D:13     | Bought a scroll of teleportation for 42 gold pieces
 29071 | D:13     | Bought a scroll of identify for 28 gold pieces
 29071 | D:13     | Bought a scroll of blinking for 105 gold pieces
 29071 | D:13     | Bought a scroll of identify for 28 gold pieces
 29071 | D:13     | Bought a scroll of identify for 28 gold pieces
 29071 | D:13     | Bought 2 scrolls of vulnerability for 112 gold pieces
 29144 | D:13     | Noticed Kirke
 29158 | D:13     | Killed Kirke
 29269 | D:13     | Received a gift from Sif Muna
 29275 | D:13     | Got Sif Muna's Grimoire of Ill-fated Kinetic Energy {god
                  | gift}
 31029 | D:14     | Found a gate to the Vaults.
 31592 | D:14     | Reached XP level 16. HP: 92/122 MP: 5/28
 31817 | D:14     | Found a runed translucent gate.
 31817 | D:14     | Found a runed translucent gate.
 31817 | D:14     | Found a runed translucent gate.
 31819 | D:14     | Noticed sirJeffrey23's ghost (journeyman AtFi)
 32111 | D:14     | Learned a level 4 spell: Summon Ice Beast
 32195 | D:14     | Reached skill level 1 in Ice Magic
 32229 | D:14     | Killed sirJeffrey23's ghost
 32383 | D:14     | Reached skill level 16 in Summonings
 32383 | D:14     | Reached XP level 17. HP: 128/128 MP: 29/29
 32409 | D:15     | Entered Level 15 of the Dungeon
 32502 | D:15     | Identified the ring of Spite {rCorr Dex+5}
 32909 | D:15     | Received a gift from Sif Muna
 32918 | D:15     | Got Wolucsog's Grimoire of Reshaped Bruises {god gift}
 33714 | D:15     | Found a staircase to the Depths.
 34320 | D:10     | Reached skill level 17 in Summonings
 34328 | D:10     | Killed LobsterGuardian's ghost
 34333 | D:10     | Identified the +1 cloak "Masm" {rPois rC+ Int+2}
 34490 | Lair:2   | Killed greynaab's ghost
 34506 | Lair:2   | Identified the +0 pair of gloves "Haydu" {Rampage Will+
                  | Str+2}
 34619 | Spider:1 | Entered Level 1 of the Spider Nest
 35050 | Spider:1 | Received a gift from Sif Muna
 35051 | Spider:1 | Got Sif Muna's Teachings on Fulmination {god gift}
 35556 | Spider:1 | Lost strength.
 36144 | Spider:2 | Learned a level 7 spell: Summon Hydra
 36361 | Spider:2 | Reached skill level 18 in Summonings
 36737 | Spider:2 | Reached XP level 18. HP: 134/134 MP: 6/30
 38592 | Spider:3 | Received a gift from Sif Muna
 38593 | Spider:3 | Got Sif Muna's Octavo of Shifting and the Anticline {god
                  | gift}
 39121 | Spider:3 | Reached skill level 10 in Armour
 40222 | Spider:3 | Noticed Louise
 40262 | Spider:3 | Killed Louise
 40482 | Spider:3 | Noticed Arachne
 40501 | Spider:3 | Killed Arachne
 40682 | Spider:3 | Reached skill level 19 in Summonings
 42110 | Swamp:1  | Entered Level 1 of the Swamp
 42313 | Swamp:1  | Received a gift from Sif Muna
 42314 | Swamp:1  | Got Reucoegg's Atlas of the Combined Arsonist {god gift}
 42375 | Swamp:1  | Learned a level 7 spell: Monstrous Menagerie
 42717 | Swamp:1  | You fall into a shaft and drop 1 floor!
 43650 | Swamp:2  | Found a runed translucent gate.
 43650 | Swamp:2  | Found a runed translucent gate.
 43725 | Swamp:2  | Noticed Aizul
 43749 | Swamp:2  | Killed Aizul
 44259 | Swamp:2  | Found a runed translucent gate.
 44434 | Swamp:2  | Noticed Lusaduv's ghost (adept MiBe)
 44434 | Swamp:2  | Noticed Voejil's ghost (journeyman MiFi)
 44435 | Swamp:2  | Noticed Ucos Goda's ghost (adept HOFi)
 44435 | Swamp:2  | Noticed Varun's ghost (adept AtWr)
 44908 | Swamp:3  | Reached XP level 19. HP: 112/140 MP: 11/32
 45835 | Swamp:3  | Reached skill level 10 in Spellcasting
 46282 | Swamp:4  | Entered Level 4 of the Swamp
 46360 | Swamp:4  | Noticed Bai Suzhen
 46747 | Swamp:4  | Reached skill level 5 in Evocations
 47080 | Swamp:4  | Killed Bai Suzhen
 47163 | Swamp:4  | Reached skill level 20 in Summonings
 47403 | Swamp:4  | Got a decaying rune of Zot
 47625 | D:12     | Bought a scroll of enchant weapon for 105 gold pieces
 47625 | D:12     | Bought a scroll of enchant armour for 105 gold pieces
 47786 | Spider:4 | Entered Level 4 of the Spider Nest
 47874 | Spider:3 | Received a gift from Sif Muna
 47947 | Spider:3 | Got Sif Muna's Monograph on the Shot and the Adder {god
                  | gift}
 48137 | Spider:4 | Reached skill level 10 in Translocations
 50243 | Spider:4 | Noticed Likado's ghost (adept AtBe)
 50246 | Spider:4 | Found a runed translucent door.
 52021 | Spider:4 | Reached XP level 20. HP: 147/147 MP: 5/34
 52256 | Spider:4 | Got a gossamer rune of Zot
 52671 | Spider:4 | Killed Likado's ghost
 53078 | D:12     | Killed billz999's ghost
 53364 | Elf:1    | Entered Level 1 of the Elven Halls
 53375 | Elf:1    | Received a gift from Sif Muna
 53376 | Elf:1    | Got Sif Muna's Incunable of Lamentation and Refrigeration
                  | {god gift}
 53393 | Elf:1    | Found a crumbling gateway.
 53412 | Desolati | Entered the Desolation of Salt
 53932 | Desolati | Identified the amulet "Ymuifiox" {RegenMP +Blink Fly Str+3
                  | Stlth+}
 53934 | Desolati | Identified the ring of Lajagon {Will+ Int+6}
 54241 | Desolati | Got the Cyclopedia of Orientation
 54897 | Desolati | Identified the +4 war axe "Killer Klown's Doom" {flame, rF+
                  | Str+3}
 54904 | Desolati | Identified the ring "Loeleihin" {rPois Will+ Stlth+}
 54918 | Desolati | Identified the +4 scale mail of Inviolability {rF+}
 55050 | Desolati | Identified the +4 pair of boots "Ysio" {Rampage rC- Int+5}
 55549 | Elf:1    | Received a gift from Sif Muna
 55550 | Elf:1    | Got Ikhodd's Omnibus of Hyperbolic Firn {god gift}
 55706 | Elf:1    | Paralysed by an air elemental for 1 turns
 55709 | Elf:1    | Paralysed by an air elemental for 1 turns
 56447 | Elf:1    | Paralysed by an air elemental for 1 turns
 56862 | Elf:1    | Learned a level 7 spell: Malign Gateway
 56958 | Elf:2    | Identified the +4 ring mail of Jantoer {Harm rPois rC+
                  | rCorr}
 57033 | Elf:2    | Noticed Wuor's ghost (adept DgCj)
 57256 | Elf:2    | Paralysed by an air elemental for 1 turns
 57303 | Elf:2    | Reached XP level 21. HP: 159/159 MP: 12/37
 57560 | Elf:2    | Paralysed by an air elemental for 1 turns
 57564 | Elf:2    | Paralysed by an air elemental for 1 turns
 57984 | Elf:2    | Found Ykhlekh's Magic Scroll Shoppe.
 57993 | Elf:2    | Bought a scroll of teleportation for 45 gold pieces
 57993 | Elf:2    | Bought a scroll of fear for 60 gold pieces
 57993 | Elf:2    | Bought a scroll of fog for 60 gold pieces
 58028 | Elf:2    | Found a transporter.
 58042 | Elf:2    | Found a transporter.
 58109 | Elf:2    | Paralysed by an air elemental for 1 turns
 58298 | Elf:2    | Found a runed translucent gate.
 58298 | Elf:2    | Found a runed translucent gate.
 58310 | Elf:2    | Found a runed translucent gate.
 58642 | Elf:3    | Entered Level 3 of the Elven Halls
 58824 | Elf:3    | Paralysed by an air elemental for 1 turns
 59817 | Elf:3    | Identified the +1 leather armour "Komi" {rF++ rC- Dex+5}
 59863 | Elf:3    | Reached skill level 10 in Evocations
 60018 | Elf:3    | Identified the +2 great sword "Biwn" {pain, rPois Dex+2}
 60024 | Elf:3    | Identified the staff of cold "Syvefa" {Drain +Blink rC+
                  | Dex+2}
 60137 | Elf:3    | Identified the +9 glaive "Goblinbane" {heavy, Str+4}
 60149 | Elf:3    | Identified the +0 plate armour "Uzxatruu" {rElec Regen+
                  | MP+9 Stlth+}
 61142 | Elf:3    | Reached skill level 15 in Invocations
 61353 | Elf:3    | Identified the staff of conjuration "Vaecir" {Will+ Dex+4}
 61356 | Elf:3    | Identified the +8 sling of the Chickpea {heavy, Will+}
 61906 | Vaults:1 | Entered Level 1 of the Vaults
 62647 | Vaults:1 | You fall into a shaft and drop 1 floor!
 63000 | Vaults:1 | Received a gift from Sif Muna
 63001 | Vaults:1 | Got Sif Muna's Book of Exhumation and Gusts {god gift}
 63016 | Vaults:1 | Reached skill level 5 in Throwing
 63511 | Vaults:1 | Reached XP level 22. HP: 159/165 MP: 11/38
 63725 | Vaults:1 | Found a large runed translucent door.
 63725 | Vaults:1 | Found a large runed translucent door.
 63725 | Vaults:1 | Noticed Feshunla's ghost (adept KoEn)
 64555 | Vaults:2 | Found a portal to a secret trove of treasure.
 64642 | Vaults:2 | Reached skill level 1 in Necromancy
 65078 | Vaults:2 | Found Inijop's Magic Scroll Shoppe.
 65087 | Vaults:2 | Received a gift from Sif Muna
 65118 | Vaults:2 | Bought a scroll of blinking for 142 gold pieces
 65118 | Vaults:2 | Bought a scroll of blinking for 142 gold pieces
 65118 | Vaults:2 | Bought a scroll of fear for 76 gold pieces
 65118 | Vaults:2 | Bought a scroll of teleportation for 57 gold pieces
 65367 | Vaults:2 | Noticed Zenata
 65380 | Vaults:2 | Killed Zenata
 65540 | Vaults:2 | Noticed Rinoumap's ghost (adept TrCK)
 65540 | Vaults:2 | Identified the +0 great mace "Giantbane" {speed, rC- rN+++
                  | rCorr SInv Stlth-}
 65541 | Vaults:2 | Found a transporter.
 65544 | Vaults:2 | Found a transporter.
 65682 | Vaults:2 | Reached skill level 5 in Necromancy
 66939 | Vaults:3 | Noticed Mara
 66954 | Vaults:3 | Killed Mara
 68727 | Vaults:3 | Found a staircase to the Crypt.
 68814 | Vaults:3 | Learned a level 7 spell: Haunt
 70045 | Vaults:4 | Received a gift from Sif Muna
 70046 | Vaults:4 | Got Sif Muna's Incunable of Accompaniment and Rot {god
                  | gift}
 70090 | Vaults:4 | Learned a level 2 spell: Sublimation of Blood
 70254 | Vaults:4 | Reached XP level 23. HP: 171/171 MP: 12/39
 71359 | Vaults:4 | Upgraded the game from 0.30-a0-1066-g63dfefce0d to
                  | 0.30-a0-1074-g5db6f66fbb
 71619 | Depths:1 | Entered Level 1 of the Depths
 71752 | Depths:1 | Reached skill level 10 in Necromancy
 72082 | Depths:1 | Found a one-way gateway to a ziggurat.
 72761 | Depths:1 | Acquired 923 gold pieces
 73089 | Depths:1 | Found a glowing golden altar of the Shining One.
 73150 | Depths:1 | Found a gateway to Hell.
 73517 | Depths:2 | Found a runed translucent door.
 73518 | Depths:2 | Noticed a caustic shrike
 73825 | Depths:2 | Reached skill level 10 in Shields
 74040 | Depths:2 | Noticed the Enchantress
 74050 | Depths:2 | Killed the Enchantress
 74154 | Depths:2 | Received a gift from Sif Muna
 74289 | Depths:2 | Found a one-way gate leading to the halls of Pandemonium.
 74556 | Depths:2 | Found a hazy altar of Hepliaklqana.
 75599 | Depths:3 | Found Awanob's Antique Weapon Shoppe.
 75604 | Depths:3 | Found Tileto's Weapon Shoppe.
 76487 | Depths:4 | Entered Level 4 of the Depths
 76647 | Depths:4 | Noticed a golden dragon
 76764 | Depths:4 | Learned a level 5 spell: Borgnjor's Vile Clutch
 76893 | Depths:4 | Found a stormy altar of Qazlal.
 76981 | Depths:4 | Reached skill level 1 in Earth Magic
 76981 | Depths:4 | Reached XP level 24. HP: 178/178 MP: 2/40
 77007 | Depths:4 | Received a gift from Sif Muna
 77008 | Depths:4 | Got Idueniy's Tome of Spellbinding {god gift}
 77734 | Depths:4 | Identified the +5 ring mail of the Earth {rElec rF+ Str-2
                  | Dex+2}
 78944 | Depths:4 | Found a runed translucent door.
 78966 | Depths:4 | Found a runed translucent door.
 78999 | Depths:4 | Found a runed translucent door.
 79003 | Depths:4 | Found a runed translucent door.
 79007 | Depths:4 | Found a runed translucent door.
 79479 | Vaults:2 | You paid a toll of a +6 demon blade to enter a treasure
                  | trove
 79480 | Trove    | Entered a treasure trove
 79485 | Trove    | Found the +3 Mad Mage's Maulers {Infuse+∞ VampMP -Cast}
 79488 | Trove    | Identified the ring "Sungeiz" {Fly rElec rC+ Dex+2}
 79490 | Trove    | Identified the +0 robe of Teith {rF+ Regen+}
 79500 | Trove    | Identified the +8 scale mail "Feurany" {Int+4 Stlth+}
 79825 | Depths:4 | Found a runed translucent door.
 79835 | Depths:4 | Found a gate to the Realm of Zot.
 80558 | Swamp:2  | Killed Lusaduv's ghost
 80575 | Swamp:2  | Killed Voejil's ghost
 80580 | Swamp:2  | Killed Ucos Goda's ghost
 80580 | Swamp:2  | Received a gift from Sif Muna
 80626 | Swamp:2  | Killed Varun's ghost
 80674 | Swamp:2  | Identified the +5 chain mail of the Doldrums {Int+4}
 80684 | Swamp:2  | Identified the ring of Cisotokh {rC+ Will+ rCorr Str+3
                  | Dex-4}
 80981 | Elf:2    | Reached skill level 5 in Earth Magic
 81163 | Elf:2    | Killed Wuor's ghost
 81491 | Vaults:1 | Killed Feshunla's ghost
 81622 | Vaults:2 | Killed Rinoumap's ghost
 81742 | Vaults:5 | Entered Level 5 of the Vaults
 82137 | Vaults:5 | Received a gift from Sif Muna
 82138 | Vaults:5 | Got Sif Muna's Meditations on Execration {god gift}
 82370 | Vaults:5 | Reached XP level 25. HP: 184/184 MP: 5/40
 82459 | Vaults:5 | Identified the +4 long sword of Teorr {drain, +Blink Str+7}
 82772 | Vaults:5 | Identified the +5 ring mail "Ifiles" {Int+2}
 83104 | Vaults:5 | Identified the +9 quick blade "Xeock" {heavy, *Slow rElec
                  | Dex+3}
 83141 | Vaults:5 | Got a silver rune of Zot
 83229 | Vaults:5 | Received a gift from Sif Muna
 83243 | Vaults:5 | Got Sif Muna's Vellum of Harmful Command {god gift}
 83774 | Vaults:5 | Reached skill level 21 in Summonings
 84302 | Vaults:2 | Learned a level 8 spell: Summon Horrible Things
 84523 | Slime:1  | Entered Level 1 of the Pits of Slime
 85038 | Slime:2  | Noticed Dissolution
 85052 | Slime:2  | Killed Dissolution
 85499 | Slime:5  | Entered Level 5 of the Pits of Slime
 85513 | Slime:5  | Received a gift from Sif Muna
 85791 | Slime:5  | Got Sif Muna's Textbook on Erosion and Astrapomancy {god
                  | gift}
 85890 | Slime:5  | Found a viscous altar of Jiyva.
 85901 | Slime:5  | Noticed the Royal Jelly
 85923 | Slime:5  | Killed the Royal Jelly
 86016 | Slime:5  | Reached XP level 26. HP: 146/191 MP: 7/40
 86128 | Slime:5  | Identified the +4 quarterstaff "Mohigril" {heavy, MP+9}
 86164 | Slime:5  | Identified the +4 great sword "Dragon's Tongue" {pain, Fly
                  | rC+ Str-3}
 86169 | Slime:5  | Got a slimy rune of Zot
 86203 | Slime:5  | Identified the +9 glaive "Hell-Harrower" {speed, Int+3}
 86204 | Slime:5  | Identified the ring of Mojugeck {*Corrode EV+5 Dex+4
                  | Stlth+}
 86213 | Slime:5  | Identified the staff of earth "Syment" {Str+5}
 86752 | Zot:1    | Entered Level 1 of the Realm of Zot
 86811 | Zot:1    | Noticed an orb of fire
 86815 | Zot:1    | Killed from afar by a shadow dragon

Illustrated notes

Levels and vault maps discovered:
D:1:      minmay_arrival_hallway, layout_basic, serial_shops, shop
D:2:      layout_basic, basic_altar, nicolae_kite_square_tiling_tiny
D:3:      layout_basic, shapermc_ecumenical_altar_mp_ritualfount
D:4:      layout_basic, overflow_temple_1_default, general_overflow_altar,
          mainiacjoe_overflow_swirl, chequers_serial_rivers_marsh,
          reono_crystal_passage, uniq_eustachio, uniq_pikel
D:5:      layout_loops_ring, serial_shops, shop
D:6:      layout_loops_ring, serial_bayou_lagoon_b
D:7:      layout_loops_ring, mainiacjoe_overflow_catwalk,
          minmay_temple_entry_sparse_star
D:8:      layout_basic, nicolae_ossuary_entry_catacombs, serial_bayou_ford_a,
          kennysheep_generic_room_16
D:9:      layout_irregular_city, mainiacjoe_overflow_alcove_1, uniq_harold
D:10:     layout_roguey, gammafunk_ghost_berserking_beasts, uniq_lodul
D:11:     layout_basic, dpeg_lair_monsters
D:12:     layout_roguey, hiddenorc2_lemuel, gammafunk_ghost_nasty_kobolds,
          nicolae_nh_oracle_at_delphi, uniq_snorg
D:13:     minmay_the_grid_octo_tiled_squarecenter
          [minmay_the_grid_octo_thin_diamonds, minmay_the_grid_octo_focus,
          minmay_the_grid_octo_fan_narrow, minmay_the_grid_octo_checkered,
          minmay_the_grid_square_5x5_megaprize_hollow,
          minmay_the_grid_square_5x5_six,
          minmay_the_grid_square_5x5_two_walls_b,
          minmay_the_grid_square_5x5_inner_v,
          minmay_the_grid_square_5x5_pentomino_r], layout_long_grid,
          serial_shops, shop, dk_noncrumbling_4, uniq_kirke
D:14:     layout_roguey, david_vaults_1, serial_undead, serial_undead_f,
          serial_undead_e, serial_undead_c, serial_undead_e,
          dreamdust_princess_bridge, portal_ice_cave_entry_ice_statue_two,
          gammafunk_ghost_hydra_chop
D:15:     grunt_enter_depths_magical_seal, layout_long_grid, minivault_24
Lair:1:   layout_loops_ring, beast_lair_carwin_10, grunt_megastairs_5
Lair:2:   layout_roguey, nicolae_swamp_entry_splash_gauntlet,
          spider_nest_entry_web_field, ebering_ghost_inner_flame,
          infiniplex_staircase_pool, serial_bayou_shore_b, serial_bayou_shore_a
Lair:3:   layout_cave_pods, forest_entry_grove
Lair:4:   layout_concentric_octagons, lemuel_fruit_fields,
          infiniplex_staircase_pool_2
Lair:5:   hellmonk_lair_end_abyssal_woods, layout_gridlike, slime_entry_1,
          nicolae_lair_lindhole, grunt_megastairs_4
Swamp:1:  layout_basic_swamp, evilmike_swamp_ruin_rubble_1
Swamp:2:  layout_basic_swamp, gammafunk_ghost_cemetery, hangedman_swamp_pad,
          uniq_aizul
Swamp:3:  layout_falls_marsh, evilmike_swamp_ruin_house_6, swamp_pool1
Swamp:4:  swamp, layout_basic_swamp, uniq_bai_suzhen
Spider:1: nicolae_spider_hall_of_the_moth_king
Spider:2: layout_spider_delve, drop_trap
Spider:3: layout_chambers, nicolae_spider_bzzzt, uniq_arachne, uniq_louise
Spider:4: floodkiller_spider_rune_tomb, hellmonk_ghost_happy_afterlife,
          nicolae_spider_spiderdrome
Slime:1:  layout_caves, cheibrodos_slime_lost_civilization_6
Slime:2:  layout_caves, uniq_dissolution
Slime:3:  cheibrodos_slime_lost_civilization_10, layout_caves,
          nicolae_slime_welcoming_committee
Slime:4:  layout_caves
Slime:5
Orc:1:    layout_caves, mines2_david, uniq_maurice
Orc:2:    st_orc_mages, layout_diamond_mine, uniq_jorgrun
Elf:1:    minmay_elf_arrival_summoners, layout_loops_corners,
          portal_desolation_entry_garden, minivault_28
Elf:2:    nicolae_elf_blades_splatter_lattice [nicolae_blade_entry_pointy_end],
          layout_geoelf_diagonals, gammafunk_ghost_arena, serial_shops,
          nicolae_lakefront_shop
Elf:3:    minmay_elf_hall_x, layout_geoelf_octagon
Vaults:1: advil_vaults_ghost_guards, vaults_room_boxed,
          nicolae_vaults_yaktaur_gun_rack, grunt_vaults_diagonal,
          nicolae_vaults_network_periphery, vaults_room_stairs_pillars,
          layout_vaults_omnigrid
Vaults:2: gammafunk_ghost_smash, v_misc_25, v_pattern_1,
          nicolae_vaults_shelves_hall, hangedman_vaults_slice,
          vaults_room_corners, ontoclasm_vaults_shuriken, vaults_dpeg_ring,
          vaults_dpeg_spiral, vaults_mumra_minichess, nicolae_vaults_asterisk,
          layout_vaults_big_room, serial_shops, nicolae_shop_advertising_works
          [nicolae_subvault_shop_adworks], nicolae_trove_entry_crossroad,
          uniq_zenata
Vaults:3: ontoclasm_vaults_ring_square, grunt_vaults_swirl, v_pattern_3,
          ontoclasm_vaults_ligature, vaults_room_pool,
          minmay_crypt_entry_simple_statues, ontoclasm_vaults_twist,
          hangedman_vaults_variations, v_alt_pattern_1,
          nicolae_vaults_three_branches, ontoclasm_vaults_ring_square,
          nicolae_vaults_sealed_display, v_rooms_6, nicolae_vaults_asterisk,
          layout_vaults_maze, uniq_mara
Vaults:4: hangedman_vaults_nodes, st_quartered_hall, v_misc_27,
          ontoclasm_vaults_claustrophobia, nicolae_vaults_triangles,
          dpeg_vaults_monster_box, layout_vaults_ring
Vaults:5
Depths:1: layout_basic, enter_ziggurat_c, hangedman_coc_ice_floe,
          minmay_fountain_box, drop_trap, tso_oasis_becter
Depths:2: nicolae_cairo_tiling_large, layout_gridville,
          nzn_hepliaklqana_mist_gate, lightli_too_deep, rand_demon_pan_entry_3,
          minmay_st_funbox, firewood_loft, uniq_enchantress
Depths:3: minmay_connected_triangles_in_corner, layout_gridlike, abyss_entry,
          rand_demon_pan_entry_4, kennysheep_minor_cross, hell_entry,
          serial_bayou_shore_b, minmay_shop_star, minmay_staircase_bubble
Depths:4: evilmike_zot_entry_castle, layout_basic, hangedman_tar_grid_catacomb,
          grunt_qazlal_sundering
Zot:1:    infiniplex_zot_generator, layout_misc_corridors, grunt_ministairs_13

Skill      XL: |  1  2  3  4  5  6  7  8  9 10 11 12 13 14 15 16 17 18 19 20 21 22 23 24 25 |
---------------+----------------------------------------------------------------------------+-----
Stealth        | 3 |  3.0
Summonings     | 5 6 8 9 10 12 14 15 16 18 19 20 21 | 21.9
Air Magic      | 3 5 6 |  6.0
Dodging        | 3 5 7 10 12 | 12.0
Fighting       | 1 5 7 10 12 | 12.0
Spellcasting   | 3 5 7 8 9 10 12 13 | 13.7
Invocations    | 2 5 6 10 11 12 15 | 15.0
Translocations | 3 4 5 7 9 10 12 | 12.0
Shields        | 5 6 11 13 14 | 14.0
Polearms       | 3 6 10 12 14 | 14.0
Throwing       | 2 5 6 |  6.0
Armour         | 1 5 8 9 10 11 12 | 12.1
Evocations     | 2 6 10 | 10.0
Ice Magic      | 4 |  4.1
Necromancy     | 9 10 12 13 | 13.6
Earth Magic    | 1 5 |  5.0

Action                     |  1- 3 |  4- 6 |  7- 9 | 10-12 | 13-15 | 16-18 | 19-21 | 22-24 | 25-27 || total
---------------------------+-------+-------+-------+-------+-------+-------+-------+-------+-------++-------
  Melee: Club              |    23 |       |       |       |       |       |       |       |       ||    23
         Unarmed           |     2 |       |       |       |       |     4 |       |       |       ||     6
         Spear             |    26 |    87 |   171 |   327 |    31 |       |       |       |       ||   642
         Dagger            |     7 |       |       |       |       |       |       |       |       ||     7
         Punch             |     1 |       |     1 |       |       |       |       |       |       ||     2
         Tailslap          |       |     2 |     2 |     7 |     3 |     7 |     9 |     6 |       ||    36
         Trident           |       |       |       |       |   188 |       |       |       |       ||   188
         Demon trident     |       |       |       |       |   376 |   357 |   348 |   224 |    21 ||  1326
         Staff             |       |       |       |       |    32 |   129 |   228 |   276 |   122 ||   787
  Throw: Dart              |       |     9 |     9 |    27 |     5 |       |       |     3 |       ||    53
   Cast: Summon Small Mamm |    54 |    14 |     5 |       |       |       |       |       |       ||    73
         Call Imp          |    13 |    24 |    18 |     1 |       |       |       |       |       ||    56
         Call Canine Famil |       |    28 |    52 |    51 |    66 |    44 |       |       |       ||   241
         Summon Lightning  |       |       |    23 |    93 |   123 |    83 |    24 |     3 |       ||   349
         Summon Forest     |       |       |       |     2 |    39 |    14 |    16 |     6 |       ||    77
         Summon Cactus Gia |       |       |       |       |    59 |    90 |    33 |    20 |       ||   202
         Summon Ice Beast  |       |       |       |       |       |    19 |       |       |       ||    19
         Summon Hydra      |       |       |       |       |       |    91 |   170 |   167 |    57 ||   485
         Blink             |       |       |       |       |       |     1 |     1 |     5 |    13 ||    20
         Monstrous Menager |       |       |       |       |       |    37 |   215 |   282 |    94 ||   628
         Storm Form        |       |       |       |       |       |     1 |       |       |       ||     1
         Malign Gateway    |       |       |       |       |       |       |     3 |    12 |     4 ||    19
         Sublimation of Bl |       |       |       |       |       |       |       |   167 |    91 ||   258
         Haunt             |       |       |       |       |       |       |       |    67 |    26 ||    93
         Apportation       |       |       |       |       |       |       |       |     1 |       ||     1
         Borgnjor's Vile C |       |       |       |       |       |       |       |    54 |    49 ||   103
         Summon Horrible T |       |       |       |       |       |       |       |       |     3 ||     3
 Invoke: Channel Magic     |       |       |       |       |     6 |    11 |    14 |     5 |     1 ||    37
         Divine Exegesis   |       |       |       |       |       |     1 |       |       |       ||     1
Ability: Blinkbolt         |       |       |       |       |       |     1 |       |       |       ||     1
  Evoke: Wand              |       |       |     8 |    21 |     7 |    10 |    10 |     2 |     1 ||    59
         Phial of floods   |       |       |       |       |     1 |     2 |     1 |     4 |     1 ||     9
         Condenser vane    |       |       |       |       |       |     3 |     3 |     2 |     2 ||    10
         Tin of tremorston |       |       |       |       |       |     2 |     1 |     2 |       ||     5
         Phantom mirror    |       |       |       |       |       |     1 |       |     1 |       ||     2
         Box of beasts     |       |       |       |       |       |       |       |       |     2 ||     2
    Use: Scroll            |       |     4 |     9 |     7 |    22 |     9 |    11 |    11 |     7 ||    80
         Potion            |       |       |     1 |       |     1 |     9 |    14 |     6 |     4 ||    35
   Stab: Distracted        |     2 |     2 |     2 |     9 |    20 |    11 |    33 |    27 |     7 ||   113
         Sleeping          |       |       |     1 |       |     1 |       |     2 |     2 |       ||     6
         Confused          |       |       |       |       |       |     1 |       |     1 |       ||     2
         Paralysed         |       |       |       |       |       |       |     8 |     2 |     5 ||    15
 Armour: Robe              |     9 |    13 |    44 |    35 |       |       |       |       |       ||   101
         Troll leather arm |       |       |       |    57 |   203 |   272 |   336 |   117 |    67 ||  1052
         Skin              |       |       |       |       |       |    17 |       |       |       ||    17
         Acid dragon scale |       |       |       |       |       |       |       |    96 |    29 ||   125
  Dodge: Dodged            |    38 |    40 |    92 |   187 |   315 |   458 |   534 |   364 |   166 ||  2194
  Block: Buckler           |       |       |       |    64 |   138 |   152 |   199 |   146 |       ||   699
         Kite shield       |       |       |       |       |       |       |       |    41 |   198 ||   239

Table legend: (Time is in decaauts)
 A = Elapsed time spent in this place.
 B = Non-inter-level travel time spent in this place.
 C = Inter-level travel time spent in this place.
 D = Time resting spent in this place.
 E = Time spent auto-exploring this place.
 F = Levels seen in this place.
 G = Mean time per level.
                   A        B        C        D        E       F      G
               +--------+--------+--------+--------+--------+-----+--------+
         Total |  85841 |  79421 |   6420 |  15577 |  44003 |  51 | 1683.2 |
       Dungeon |  25024 |  22442 |   2582 |   1989 |  16150 |  15 | 1668.3 |
          Lair |   9389 |   8435 |    954 |    957 |   5625 |   5 | 1877.8 |
         Swamp |   5187 |   4856 |    331 |    881 |   2742 |   4 | 1296.8 |
   Spider Nest |  12426 |  12040 |    386 |   3407 |   6346 |   4 | 3106.5 |
    Slime Pits |   1342 |   1306 |     36 |    627 |     25 |   5 |  268.4 |
  Orcish Mines |   2266 |   1930 |    336 |    146 |   1474 |   2 | 1133.0 |
   Elven Halls |   6746 |   6431 |    315 |   2171 |   2673 |   3 | 2248.7 |
        Vaults |  12583 |  11777 |    806 |   3764 |   3117 |   5 | 2516.6 |
        Depths |   8500 |   7830 |    670 |    426 |   5616 |   4 | 2125.0 |
           Zot |     17 |     17 |      0 |      0 |      0 |   1 |   17.0 |
         Trove |     48 |     48 |      0 |      0 |      0 |   1 |   48.0 |
       Ossuary |    358 |    358 |      0 |    193 |     21 |   1 |  358.0 |
    Desolation |   1949 |   1949 |      0 |   1015 |    213 |   1 | 1949.0 |
               +--------+--------+--------+--------+--------+-----+--------+

Top non-repeatable levels by time:
Spider:3: 5257 daAuts
Depths:4: 3368 daAuts
Vaults:1: 3115 daAuts
Spider:4: 3051 daAuts
   Elf:3: 2860 daAuts
Vaults:3: 2675 daAuts
  Lair:5: 2588 daAuts
     D:4: 2577 daAuts
  Lair:2: 2487 daAuts
Vaults:5: 2485 daAuts
    D:14: 2453 daAuts
Spider:2: 2403 daAuts
Vaults:4: 2193 daAuts
Vaults:2: 2114 daAuts
   Elf:2: 2109 daAuts
